Map: [ESL] Ancient Cistern

Players

ShaDoWn

  • Race: Protoss Protoss
  • Spawn Location: 7:00

Krystianer - Winner!

  • Race: Protoss Protoss
  • Spawn Location: 1:00

Event: ESL SC2 Masters 2023 Summer (Regionals)

VOD

Have the link to the VOD?

Description

Time

  • Played on: May 14, 2023, 10:41 a.m.
  • Length: 6:33

All games in this series

Show
View Real Time Build Order
Export as new Build Order

ShaDoWn Protoss 

Build Orders:  

Get SALT Encoding   

  12  0:00  Probe  
  13  0:12  Probe  
  14  0:16  Pylon  
  14  0:24  Probe  
  15  0:34  Gateway  
  15  0:37  Probe (Chrono Boost)  
  16  0:46  Probe (Chrono Boost), Assimilator  
  17  0:51  Probe (Chrono Boost)  
  17  0:54  Assimilator  
  18  1:03  Probe (Chrono Boost)  
  19  1:09  Gateway  
  19  1:14  Probe (Chrono Boost)  
  20  1:19  Probe (Chrono Boost)  
  20  1:24  Cybernetics Core  
  21  1:29  Probe  
  22  1:33  Pylon  
  22  1:41  Probe  
  23  2:00  Robotics Facility  
  23  2:01  Stalker  
  25  2:02  Warp Gate  
  27  2:09  Stalker  
  27  2:12  Probe  
  28  2:17  Pylon  
  28  2:31  Stalker  
  31  2:44  Immortal (Chrono Boost)  
  31  2:50  Stalker  
  35  3:15  Pylon  
  35  3:16  Warp Prism  
  37  3:52  Immortal  
  37  3:54  Stalker  
  43  4:02  Sentry  
  45  4:11  Probe  
  45  4:12  Pylon  
  45  4:13  Pylon  
  46  4:19  Pylon  
  46  4:30  Probe  
  48  4:31  Observer  
  48  4:44  Sentry  
  50  4:45  Stalker  
  50  4:50  Pylon  
  52  4:54  Nexus  
  52  5:00  Probe  
  52  5:01  Observer  
  43  5:12  Probe  
  44  5:18  Stalker  
  44  5:19  Stalker, Shield Battery  
  48  5:30  Robotics Facility  
  48  5:38  Stalker, Sentry  
  52  5:43  Probe  
  53  5:55  Probe (Chrono Boost)  
  52  5:58  Stalker x2  
  56  6:06  Probe (Chrono Boost)  
  58  6:13  Probe (Chrono Boost)  
  58  6:15  Probe (Chrono Boost)  
  47  6:21  Zealot x2  
Show
View Real Time Build Order
Export as new Build Order

Krystianer Protoss - Winner!

Build Orders:  

Get SALT Encoding   

  12  0:00  Probe  
  13  0:12  Probe  
  14  0:16  Pylon  
  14  0:24  Probe (Chrono Boost)  
  16  0:36  Probe (Chrono Boost), Gateway  
  16  0:42  Probe (Chrono Boost)  
  16  0:46  Assimilator  
  17  0:50  Probe  
  17  0:55  Assimilator  
  18  1:03  Probe (Chrono Boost)  
  19  1:07  Gateway  
  20  1:12  Probe (Chrono Boost)  
  20  1:17  Probe (Chrono Boost)  
  20  1:24  Cybernetics Core  
  21  1:29  Probe  
  22  1:34  Pylon  
  22  1:41  Probe  
  23  1:53  Probe  
  24  1:57  Warp Gate (Chrono Boost)  
  24  2:00  Stalker x2  
  28  2:05  Probe  
  29  2:10  Pylon  
  29  2:17  Probe  
  30  2:30  Stalker  
  30  2:36  Stalker  
  34  2:46  Robotics Facility  
  34  2:49  Shield Battery  
  34  2:50  Probe  
  35  3:01  Shield Battery  
  35  3:02  Probe  
  35  3:05  Gateway  
  35  3:09  Pylon  
  35  3:15  Stalker  
  37  3:30  Immortal (Chrono Boost)  
  41  3:38  Sentry  
  43  3:44  Pylon  
  43  3:55  Stalker  
  45  3:58  Pylon  
  45  4:00  Pylon  
  44  4:14  Warp Prism  
  46  4:33  Stalker x2  
  48  4:50  Immortal (Chrono Boost)  
  52  4:58  Pylon  
  50  5:12  Stalker x2  
  54  5:27  Nexus  
  54  5:30  Observer (Chrono Boost)  
  55  5:36  Sentry x2  
  55  5:41  Pylon  
  59  5:45  Probe  
  60  6:03  Sentry x2  
  62  6:04  Probe  
  63  6:16  Probe  
Tags
 
Add a new tag
Caveats
  • Supply blocks, unpowered buildings, or Contaminate may cause inaccurate times.
  • Supply counts are checked every 10 seconds.